[Event "Betsys MČR v online bleskovém šachu 2021"]
[Site "Chess.com"]
[Date "2021.04.17"]
[Round "10"]
[White "kominekmart"]
[Black "adasmrazek"]
[Result "0-1"]
[WhiteElo "1546"]
[BlackElo "1354"]
[TimeControl "180+1"]
[EndTime "10:41:01 PDT"]
[Termination "Uživatel adasmrazek zvítězil na čas"]

1. e4 c5 2. Nf3 Nc6 3. c4 g6 4. d3 Bg7 5. Nc3 Nf6 6. Be3 d6 7. g4 Bxg4 8. Be2 Bxf3 9. Bxf3 O-O 10. O-O Rc8 11. Qd2 Ne5 12. Bg2 Neg4 13. Bg5 b6 14. h3 Ne5 15. f4 Nc6 16. f5 Nd4 17. Bh6 Qd7 18. fxg6 fxg6 19. Bxg7 Kxg7 20. Qg5 Rf7 21.
e5 dxe5 22. Qxe5 Rcf8 23. Bd5 e6 24. Bg2 Kg8 25. Ne4 Ne2+ 26. Kh2 Nxe4 27. Qxe4 Nd4 28. Rxf7 Rxf7 29. Rf1 Rxf1 30. Bxf1 Qd6+ 31. Kh1 e5 32. Qa8+ Kg7 33. Qb7+ Kh6 34. Qxa7 Qf6 35. Qb7 Qxf1+ 36. Kh2 Qf2+ 37. Qg2 Nf3+ 38. Kh1 Qe1+ 0-1

[Event "Betsys MČR v online bleskovém šachu 2021"]
[Site "Chess.com"]
[Date "2021.04.17"]
[Round "10"]
[White "Eliska0107"]
[Black "Naty139"]
[Result "1/2-1/2"]
[WhiteElo "2059"]
[BlackElo "2226"]
[TimeControl "180+1"]
[EndTime "10:41:02 PDT"]
[Termination "Remíza opakováním pozice"]

1. e4 Nf6 2. d3 e5 3. Be2 d5 4. Nd2 c5 5. Ngf3 Nc6 6. O-O dxe4 7. dxe4 Be7 8. c3 O-O 9. Qc2 h6 10. Nc4 Qc7 11. Ne3 Be6 12. Bc4 Bxc4 13. Nxc4 b5 14.
Ne3 Rfd8 15. Nf5 Bf8 16. Be3 c4 17. Rad1 Ne7 18. Nxe7+ Bxe7 19. h3 Bc5 20. Bxc5 Qxc5 21. Rd2 Rxd2 22. Nxd2 Rd8 23. b3 Rd3 24. b4 Qd6 25.
Nf3 Nxe4 26. Re1 f5 27. a4 a6 28. axb5 axb5 29. Qa2 Kh7 30. Qa7 Rd1 31. Rxd1 Qxd1+ 32. Kh2 Qc1 33. Qd7 Qf4+ 34. Kg1 Nxc3 35. Qe6 Ne2+ 36.
Kf1 Nd4 37. Qxe5 Qc1+ 38. Ne1 Qd2 39. g4 fxg4 40. hxg4 Nc2 41. Qe4+ Kg8 42. Qxc2 Qxb4 43. Qf5 c3 44. Qe6+ Kh7 45. Qf5+ Kg8 46. Qe6+ Kh7 47. Qf5+ Kg8 1/2-1/2

[Event "Betsys MČR v online bleskovém šachu 2021"]
[Site "Chess.com"]
[Date "2021.04.17"]
[Round "10"]
[White "trosecnik"]
[Black "honzasoucek"]
[Result "1-0"]
[WhiteElo "1828"]
[BlackElo "1621"]
[TimeControl "180+1"]
[EndTime "10:41:02 PDT"]
[Termination "Uživatel trosecnik zvítězil na čas"]

1. e4 c5 2. c3 d5 3. exd5 Qxd5 4. d4 Nf6 5. Nf3 Bg4 6. Be2 e6 7. O-O Nc6 8. h3 Bh5 9. Be3 O-O-O 10. dxc5 Bxc5 11.
Qxd5 Rxd5 12. Bxc5 Rxc5 13. Rd1 Rd5 14. Na3 Rhd8 15.
g4 Bg6 16. Nc4 Bd3 17. Bxd3 Rxd3 18. Rxd3 Rxd3 19. Kg2 Ne4 20. Re1 f5 21. Re2 b5 22.
Nce5 Nxe5 23. Nxe5 Rd2 24. Rxd2 Nxd2 25. f3 Kc7 26. Kf2 Kd6 27. Nd3 a5 28. b3 Nb1 29. c4 bxc4 30. bxc4 Na3 31. c5+ Kc6 32. Ke3 Nc2+ 33. Kd2 Nd4 34. Ke3 Nc2+ 35. Kf4 g6 36.
Ke5 Nb4 37. Nxb4+ axb4 38. Kd4 Kb5 39. gxf5 exf5 40. h4 h6 41. f4 1-0

[Event "Betsys MČR v online bleskovém šachu 2021"]
[Site "Chess.com"]
[Date "2021.04.17"]
[Round "10"]
[White "marecek1754"]
[Black "5265"]
[Result "1-0"]
[WhiteElo "2181"]
[BlackElo "1666"]
[TimeControl "180+1"]
[EndTime "10:41:03 PDT"]
[Termination "Uživatel marecek1754 zvítězil matem"]

1. e4 e5 2. Nf3 Nc6 3. Bc4 Nf6 4. Ng5 d5 5. exd5 Nd4 6. c3 b5 7. Bf1 Nxd5 8. cxd4 Qxg5 9. Bxb5+ Kd8 10. O-O exd4 11. d3 Qg6 12. Re1 Bd6 13. Nd2 Rb8 14. Bc4 Nf4 15.
Qf3 f5 16. Nb3 Bb7 17. Qg3 Ne2+ 18. Rxe2 Bxg3 19. hxg3 Re8 20. Rxe8+ Kxe8 21. Bf4 Qc6 22. f3 Kd7 23. Nxd4 Qc5 24. Be3 Re8 25. Kf2 g5 26. Nc2 Qe5 27. d4 Qe7 28. Re1 Qg7 29.
Nb4 h5 30. Rc1 f4 31. Bb5+ c6 32. Nxc6 fxe3+ 33. Ke2 Bxc6 34. Bxc6+ Kd8 35. Bxe8 Qxd4 36. Rd1 Qxd1+ 37. Kxd1 Kxe8 38. Ke2 Ke7 39. Kxe3 Kf6 40. Ke4 Ke6 41. b4 a6 42. a4 h4 43. gxh4 gxh4 44.
b5 axb5 45. axb5 Kd6 46. Kf4 Kc5 47. Kg4 Kxb5 48. Kxh4 Kc6 49. Kg5 Kd7 50. Kf6 Ke8 51. g4 Kf8 52. g5 Kg8 53. g6 Kf8 54. g7+ Kg8 55. f4 Kh7 56. Kf7 Kh6 57. g8=Q Kh5 58. Qg5# 1-0

[Event "Betsys MČR v online bleskovém šachu 2021"]
[Site "Chess.com"]
[Date "2021.04.17"]
[Round "10"]
[White "Akdub"]
[Black "Listro33"]
[Result "1-0"]
[WhiteElo "2101"]
[BlackElo "1864"]
[TimeControl "180+1"]
[EndTime "10:41:03 PDT"]
[Termination "Uživatel Akdub zvítězil na čas"]

1. e4 c6 2. d4 d5 3. exd5 cxd5 4. c4 Nf6 5. Nc3 Nc6 6. Be3 e6 7. Nf3 Be7 8. a3 O-O 9. Bd3 dxc4 10. Bxc4 b6 11.
O-O Bb7 12. Rc1 Rc8 13. Ba2 Qc7 14. b4 Qb8 15. Qd2 Rfd8 16. Rfd1 Qa8 17. h3 h6 18. Qe2 a5 19. b5 Nb8 20. a4 Nbd7 21. Ne1 Nd5 22. Nxd5 Bxd5 23. f3 Bd6 24. Nd3 Ba3 25. Rxc8 Rxc8 26. Nf4 Bxa2 27. Qxa2 Bd6 28. Nd3 Rc3 29. Qb2 Qc8 30. Rc1 Bb4 31. Rxc3 Bxc3 32. Qc1 Nf6 33. Ne5 Nd5 34. Bf2 Qf8 35.
Nc6 Qd6 36. Qc2 Qd7 37. Qd3 Qd6 38. Qe4 Qa3 39. Kh2 Qxa4 40. Ne5 1-0

[Event "Betsys MČR v online bleskovém šachu 2021"]
[Site "Chess.com"]
[Date "2021.04.17"]
[Round "10"]
[White "Zavurka1975"]
[Black "machonza"]
[Result "0-1"]
[WhiteElo "2193"]
[BlackElo "2028"]
[TimeControl "180+1"]
[EndTime "10:41:04 PDT"]
[Termination "Uživatel machonza zvítězil na čas"]

1. d4 Nf6 2. Nf3 e6 3. e3 c5 4. Bd3 d5 5. c3 Nc6 6. O-O Bd6 7.
dxc5 Bxc5 8. Nbd2 a5 9. e4 d4 10. Nb3 Bb6 11. Nbxd4 Bd7 12. e5 Nd5 13. Re1 h6 14.
Qe2 Qe7 15. Nb5 O-O-O 16. a3 g5 17. c4 Nf4 18. Bxf4 gxf4 19. Rad1 Rdg8 20. Be4 h5 21. Nd6+ Kb8 22. Qd2 Be8 23. Qxf4 Rg4 24. Qd2 Rhg8 25. g3 h4 26. Kf1 hxg3 27. hxg3 Rh8 28. b4 f5 29. Bc2 f4 30. c5 Bc7 31. gxf4 Bh5 32. Be4 Rg7 33. Ke2 Rf8 34. Rg1 Rxg1 35. Rxg1 Qh4 36. Qe3 Qxf4 37. b5 Bxf3+ 38. Qxf3 Nd4+ 0-1

[Event "Betsys MČR v online bleskovém šachu 2021"]
[Site "Chess.com"]
[Date "2021.04.17"]
[Round "10"]
[White "lupinek23"]
[Black "horalek"]
[Result "1-0"]
[WhiteElo "1597"]
[BlackElo "1330"]
[TimeControl "180+1"]
[EndTime "10:41:04 PDT"]
[Termination "Uživatel lupinek23 zvítězil na čas"]

1. e4 c6 2. Nf3 d5 3. exd5 cxd5 4. Nc3 Nf6 5. d4 Bg4 6. Bb5+ Nc6 7. O-O e6 8. h3 Bxf3 9. Qxf3 Be7 10. Re1 O-O 11.
Bg5 Re8 12. Rad1 a6 13. Bxc6 bxc6 14. a3 h6 15. Bh4 Nd7 16. Bxe7 Qxe7 17. Ne2 Nb6 18.
Nf4 Qf6 19. Qg3 Nc4 20. Nh5 Qg6 21. Qxg6 fxg6 22. Nf4 Kf7 23. Nd3 Rab8 24. b3 Nxa3 25. Ne5+ Kf8 26. Nxg6+ Kg8 27. Ne5 Nxc2 28. Re2 Nb4 29.
Rc1 Rbc8 30. Ng4 a5 31. Rce1 Nd3 32. Rd1 Nf4 33. Re5 Ng6 34. Ree1 Re7 35. Ra1 Ra8 36. b4 a4 37. Re2 Raa7 38. Rea2 Rab7 39. Rxa4 Nf4 40. Rb1 Ne2+ 41. Kh2 Nxd4 42. Ra8+ Kf7 43. Ne3 1-0

[Event "Betsys MČR v online bleskovém šachu 2021"]
[Site "Chess.com"]
[Date "2021.04.17"]
[Round "10"]
[White "JakubPulpan"]
[Black "FormerProdigy"]
[Result "0-1"]
[WhiteElo "2711"]
[BlackElo "2867"]
[TimeControl "180+1"]
[EndTime "10:41:05 PDT"]
[Termination "Uživatel FormerProdigy zvítězil po vzdání soupeře"]

1. Nf3 Nf6 2. b3 d5 3. Bb2 c5 4. e3 g6 5. c4 dxc4 6. Bxc4 Bg7 7. O-O O-O 8. h3 Nc6 9. d4 Ne4 10. Nbd2 Bf5 11. Nxe4 Bxe4 12. Ne5 cxd4 13. Nxc6 Bxc6 14. Bxd4 Bxd4 15. exd4 e6 16. Qd2 Qf6 17. Rad1 Rad8 18. Qe3 Rd7 19. Be2 Rfd8 20. d5 Bxd5 21. Qxa7 Qg5 22. f3 Bc6 23. Qf2 Rd2 24. a4 Qe5 25. Rxd2 Rxd2 26. Re1 Kg7 27. Kh1 Qc3 28. Qf1 Qxb3 29.
Bb5 Bxb5 30. axb5 Rb2 31. Rc1 Qxb5 32. Qe1 Qb4 33. Qe5+ Kh6 34. Qe3+ g5 35. Qe5 Kg6 36. Rc7 Rb1+ 37. Kh2 Qf4+ 38. Qxf4 gxf4 39. Rc4 e5 40.
Rc7 b5 41. Re7 f6 42. Rb7 b4 43. h4 b3 44. Rb5 b2 45. Rb7 f5 46. Rb6+ Kf7 47.
Rb5 e4 48. Rxf5+ 0-1

[Event "Betsys MČR v online bleskovém šachu 2021"]
[Site "Chess.com"]
[Date "2021.04.17"]
[Round "10"]
[White "mayerrs"]
[Black "Z_u_z_i"]
[Result "1-0"]
[WhiteElo "1848"]
[BlackElo "1538"]
[TimeControl "180+1"]
[EndTime "10:41:05 PDT"]
[Termination "Uživatel mayerrs zvítězil matem"]

1. g3 d5 2. Bg2 Nf6 3. e3 c5 4.
Ne2 Nc6 5. b3 Bg4 6. Bb2 e6 7.
a3 Bd6 8. O-O O-O 9. d4 cxd4 10.
exd4 Rc8 11. Nd2 Re8 12. Re1 Qd7 13. c4 dxc4 14. bxc4 Be7 15. Rc1 Red8 16. Nb3 b6 17.
d5 exd5 18. Bxf6 Bxf6 19. cxd5 Ne5 20. Rxc8 Rxc8 21. Qd2 Nf3+ 22. Bxf3 Bxf3 23. Nf4 Bg5 24. Qe3 Bxd5 25. Qe5 Bxf4 26. Qxf4 Bxb3 27. Qe3 Be6 28.
h4 Qc6 29. Kh2 h6 30. f4 Qc2+ 31. Re2 Qc4 32. Rd2 Qc5 33. Qe2 Qc4 34. Qe3 Qa4 35.
Qd3 Qc4 36. Kg1 Qxd3 37. Rxd3 Rc1+ 38. Kf2 Rc2+ 39. Ke3 a5 40. Kd4 b5 41. Ke5 b4 42.
axb4 axb4 43. f5 Ba2 44. g4 b3 45. g5 hxg5 46. hxg5 b2 47. g6 fxg6 48. fxg6 b1=Q 49. Rd8# 1-0

[Event "Betsys MČR v online bleskovém šachu 2021"]
[Site "Chess.com"]
[Date "2021.04.17"]
[Round "10"]
[White "Simago"]
[Black "reflexia64"]
[Result "0-1"]
[WhiteElo "2102"]
[BlackElo "2284"]
[TimeControl "180+1"]
[EndTime "10:41:06 PDT"]
[Termination "Uživatel reflexia64 zvítězil na čas"]

1. e4 c5 2. Nf3 Nc6 3. c3 d5 4.
exd5 Qxd5 5. d4 g6 6. Be2 Bg7 7.
dxc5 Qxc5 8. O-O Nf6 9. Be3 Qa5 10. Nbd2 O-O 11. Nc4 Qc7 12. a4 Be6 13. Ncd2 Rad8 14.
Qc2 Nd5 15. Bg5 Nf4 16. Bxf4 Qxf4 17. Rfd1 Rd7 18. Nf1 Rfd8 19. Rxd7 Rxd7 20. Rd1 Qc7 21. Ne3 Ne5 22. Nd4 Bc4 23. Nxc4 Nxc4 24. Bxc4 Qxc4 25.
Nf3 Qc7 26. h3 h6 27. Rd3 Qd8 28. Rxd7 Qxd7 29. Qb3 a6 30. Qc2 Bf6 31. Kh2 Kg7 32. Qe4 Qd6+ 33. Kg1 Qd1+ 34. Kh2 Qc1 35. Qb4 Qc2 36.
Qxb7 Qxf2 37. Qxa6 Qxb2 38. c4 g5 39. Qb5 Qa1 40. a5 h5 41. a6 g4 0-1

[Event "Betsys MČR v online bleskovém šachu 2021"]
[Site "Chess.com"]
[Date "2021.04.17"]
[Round "10"]
[White "KarelZalesky"]
[Black "Dvacetsekund"]
[Result "0-1"]
[WhiteElo "1904"]
[BlackElo "2195"]
[TimeControl "180+1"]
[EndTime "10:41:08 PDT"]
[Termination "Uživatel Dvacetsekund zvítězil na čas"]

1. e4 c5 2. Nf3 d6 3. d4 cxd4 4. Nxd4 Nf6 5. Nc3 g6 6. Be3 Bg7 7. Be2 O-O 8. h3 Nc6 9. O-O d5 10. exd5 Nxd5 11. Nxd5 Qxd5 12. Bf3 Qa5 13. Nxc6 bxc6 14.
c3 Rd8 15. Qc2 Qc7 16. Rfd1 Bf5 17. Qa4 Rxd1+ 18. Rxd1 Rc8 19. a3 c5 20. Bf4 e5 21. Be3 Be6 22. Bd5 Bxd5 23. Rxd5 Bf8 24. Rd7 Qb6 25. Qc4 Qf6 26. b4 Rd8 27. Rxa7 Rd1+ 28.
Kh2 e4 29. Qxe4 Bd6+ 30. g3 Kg7 31. bxc5 Be5 32. c4 Rf1 33. Kg2 Ra1 34. Bf4 Bd4 35.
Be3 Be5 36. Rb7 Ra2 37. Rb6 Qe7 38. c6 Qc7 39. Rb5 Bxg3 0-1

[Event "Betsys MČR v online bleskovém šachu 2021"]
[Site "Chess.com"]
[Date "2021.04.17"]
[Round "10"]
[White "TrickyPeat"]
[Black "MichalTrhal"]
[Result "0-1"]
[WhiteElo "2171"]
[BlackElo "1941"]
[TimeControl "180+1"]
[EndTime "10:41:08 PDT"]
[Termination "Uživatel MichalTrhal zvítězil na čas"]

1. e4 d6 2. d4 Nf6 3. Nc3 g6 4. Bg5 Bg7 5. Qd2 h6 6. Bf4 g5 7.
Bg3 c5 8. dxc5 O-O 9. cxd6 Nc6 10. dxe7 Qxd2+ 11. Kxd2 Re8 12. Re1 Rxe7 13. h4 Be6 14.
hxg5 hxg5 15. Nf3 Rd8+ 16. Kc1 g4 17. Ng5 Red7 18. Nxe6 fxe6 19. Bc4 Kf7 20. Rd1 Nd4 21. Bh4 a6 22. e5 b5 23. Bb3 b4 24. exf6 bxc3 25. Rxd4 Rxd4 26. bxc3 Bh6+ 27. Kb2 Rd1 28. Rxd1 Rxd1 29. c4 Bf4 30. c5 Rd8 31. Kc3 a5 32. Kc4 Rh8 33. g3 Be5 34. c6 Rc8 35. Kc5 Bc7 36.
Bc4 Rd8 37. Kb5 Rd2 38. Bd3 Rxf2 39. Ka6 Ke8 40. Kb7 Bd8 41. a4 Rf1 0-1

[Event "Betsys MČR v online bleskovém šachu 2021"]
[Site "Chess.com"]
[Date "2021.04.17"]
[Round "10"]
[White "patrikvagner"]
[Black "pburak"]
[Result "1-0"]
[WhiteElo "1755"]
[BlackElo "1309"]
[TimeControl "180+1"]
[EndTime "10:41:08 PDT"]
[Termination "Uživatel patrikvagner zvítězil na čas"]

1. d4 Nf6 2. c4 e6 3. Nc3 Bb4 4. Qc2 O-O 5. e4 d6 6. Nf3 Nc6 7. Be3 e5 8. d5 Nd4 9. Bxd4 exd4 10. Nxd4 Re8 11. f3 Nh5 12. g3 Qg5 13. Bg2 Nxg3 14. hxg3 Qxg3+ 15. Qf2 Qe5 16. O-O-O c6 17. Qh4 h6 18. a3 Ba5 19. b4 Bb6 20. Nde2 cxd5 21. cxd5 Be3+ 22. Kc2 Bd7 23. Qg3 Qf6 24. Bh3 Rac8 25.
Rd3 Bb5 26. Rxe3 Bxe2 27. Bxc8 Rxc8 28. Qe1 Bb5 29. Kb1 Qd4 30. Qc1 Bd3+ 31. Kb2 Rxc3 32. Qxc3 Qxe3 33. Rc1 Qe2+ 34. Kb3 Qxf3 35. Qc8+ Kh7 36.
Qf5+ Qxf5 37. exf5 Bxf5 38. Rc7 Be4 39. Rxb7 Bxd5+ 40.
Ka4 h5 41. Re7 h4 42. b5 h3 43. Re2 Bg2 44. Re1 h2 45. Kb4 h1=Q 46. Rxh1+ Bxh1 47. a4 f5 48. a5 f4 49. b6 1-0

[Event "Betsys MČR v online bleskovém šachu 2021"]
[Site "Chess.com"]
[Date "2021.04.17"]
[Round "10"]
[White "xnepom"]
[Black "Tolja1"]
[Result "1-0"]
[WhiteElo "2251"]
[BlackElo "2038"]
[TimeControl "180+1"]
[EndTime "10:41:09 PDT"]
[Termination "Uživatel xnepom zvítězil na čas"]

1. e4 e6 2. d4 d5 3. Nd2 a6 4. Ngf3 c5 5. exd5 exd5 6. dxc5 Bxc5 7. Nb3 Bb6 8. Be2 Nc6 9. O-O Nf6 10. Bg5 Be6 11.
Nbd4 O-O 12. c3 h6 13. Bh4 Re8 14. Re1 Bg4 15. Qd3 Qd6 16. Nf5 Bxf5 17. Qxf5 Ne4 18. Rad1 g6 19. Qxd5 Qxd5 20. Rxd5 Kg7 21. Bd3 Nf6 22.
Rxe8 Rxe8 23. Rd6 g5 24. Bg3 Ne4 25. Bxe4 Rxe4 26. Kf1 f5 27. Rd7+ Kf6 28. Rxb7 Bc5 29. Rc7 Re6 30. Be5+ Nxe5 31. Rxc5 Nxf3 32. gxf3 Rb6 33.
b3 h5 34. c4 g4 35. fxg4 hxg4 36. Ke2 Kg5 37. Rd5 Kf4 38. Rd4+ Ke5 39. Kd3 Rh6 40. Rd5+ Kf4 41. c5 Rxh2 42. c6 Rxf2 43. c7 g3 44. c8=Q g2 45. Qc7+ Kf3 46. Rxf5+ 1-0

[Event "Betsys MČR v online bleskovém šachu 2021"]
[Site "Chess.com"]
[Date "2021.04.17"]
[Round "10"]
[White "nw_tynka"]
[Black "VeceraP1973"]
[Result "1-0"]
[WhiteElo "2186"]
[BlackElo "1930"]
[TimeControl "180+1"]
[EndTime "10:41:09 PDT"]
[Termination "Uživatel nw_tynka zvítězil po vzdání soupeře"]

1. e4 c5 2. Nf3 Nc6 3. d4 cxd4 4. Nxd4 Nf6 5. Nc3 e5 6. Ndb5 d6 7. Nd5 Nxd5 8. exd5 Nb8 9. a4 Be7 10. Be2 O-O 11.
O-O a6 12. Na3 f5 13. Nc4 Nd7 14. f4 Rb8 15. Kh1 b5 16. axb5 axb5 17. Na5 Bb7 18. Bxb5 Nb6 19. Nxb7 Rxb7 20. Bc6 Rb8 21. b3 Bf6 22.
Bb2 exf4 23. Bxf6 Qxf6 24. Rxf4 g5 25. Rf1 f4 26. Ra7 Nc8 27. Rd7 Ne7 28. Qd3 Nf5 29. Rc7 Rbc8 30. Rxc8 Rxc8 31. b4 Rf8 32. b5 Ne3 33. Rg1 Ng4 34. Rf1 Ne5 35. Qe4 g4 36. b6 f3 37. gxf3 Nxf3 38. Qe6+ Kg7 39. Qxf6+ Kxf6 40. b7 Rb8 41. h3 h5 42. hxg4 hxg4 43. Ra1 Rh8+ 44. Kg2 Kg5 45. Rh1 Rf8 46. Bd7 Rf7 47. Bc8 Nh4+ 48. Rxh4 Kxh4 49. b8=Q 1-0

[Event "Betsys MČR v online bleskovém šachu 2021"]
[Site "Chess.com"]
[Date "2021.04.17"]
[Round "10"]
[White "Classemence"]
[Black "SamikGame"]
[Result "0-1"]
[WhiteElo "1877"]
[BlackElo "1688"]
[TimeControl "180+1"]
[EndTime "10:41:10 PDT"]
[Termination "Uživatel SamikGame zvítězil na čas"]

1. e4 e5 2. Nf3 Nc6 3. Bb5 Bc5 4.
O-O Qf6 5. Bxc6 dxc6 6. h3 h6 7. c3 Be6 8. d4 exd4 9. cxd4 Bb6 10.
Nc3 O-O-O 11. Be3 Ne7 12. a4 a5 13. Qe2 Rhe8 14. b4 axb4 15. a5 Ba7 16. a6 b6 17. Na4 Qg6 18. Bf4 Bxh3 19. Nh4 Qg4 20. Qxg4+ Bxg4 21. f3 Be6 22. Be3 g5 23. Nf5 Bxf5 24.
exf5 Nxf5 25. Bf2 Nxd4 26. Rfd1 c5 27. Rab1 b5 28. Nb2 Ne2+ 29. Kh2 Nc3 30. Rxd8+ Rxd8 31.
Re1 Rd2 32. Re8+ Kd7 33. Ra8 Rxb2 34. Bg3 Bb6 35. a7 Ra2 36. Rf8 Bxa7 37. Rxf7+ Ke6 38. Rxc7 b3 39. Rc6+ Kd5 40. Rxh6 b2 41. Rg6 b1=Q 42. Rxg5+ Kc4 43. Rg4+ Kb3 44. Rg5 Qh7+ 45. Kg1 Ra1+ 0-1

[Event "Betsys MČR v online bleskovém šachu 2021"]
[Site "Chess.com"]
[Date "2021.04.17"]
[Round "10"]
[White "hever99"]
[Black "Smetanka674"]
[Result "0-1"]
[WhiteElo "1976"]
[BlackElo "1775"]
[TimeControl "180+1"]
[EndTime "10:41:14 PDT"]
[Termination "Uživatel Smetanka674 zvítězil na čas"]

1. e4 e6 2. d3 d5 3. Nd2 Nd7 4.
Ngf3 dxe4 5. dxe4 Bc5 6. c3 Ne7 7. b4 Bb6 8. a4 a5 9. Bc4 O-O 10.
O-O Ng6 11. Bb3 Nde5 12. Nxe5 Nxe5 13. Qe2 Qe7 14. Ba3 axb4 15. cxb4 Qf6 16. Kh1 Rd8 17. f4 Nd3 18. e5 Qf5 19. g4 Qg6 20. Bc2 Nxf4 21. Bxg6 Nxe2 22. Bxf7+ Kh8 23. Ne4 Bd4 24. Rae1 Nc3 25. Nxc3 Bxc3 26. Re3 Bd4 27. Rd3 Rxa4 28. Rfd1 c5 29. bxc5 Rd5 30. Bh5 g6 31. Bxg6 hxg6 32. Bc1 Bxe5 33. Rxd5 exd5 34. Rxd5 Ra1 35. Rxe5 Rxc1+ 36. Kg2 Bxg4 37. Kg3 Bf5 38. Re7 Rxc5 39. Rxb7 Rc3+ 40. Kf4 Rc4+ 41. Kg5 Rg4+ 42. Kf6 Re4 43. Rb8+ Kh7 44. Rb7+ Kh6 45. h4 Re6+ 46. Kf7 Kh5 47. Rb4 Re4 48. Rb6 Kxh4 49. Kf6 Re6+ 0-1

[Event "Betsys MČR v online bleskovém šachu 2021"]
[Site "Chess.com"]
[Date "2021.04.17"]
[Round "10"]
[White "lockerbieQ"]
[Black "Marcus_Aurelius_CZ"]
[Result "1-0"]
[WhiteElo "1734"]
[BlackElo "1425"]
[TimeControl "180+1"]
[EndTime "10:41:14 PDT"]
[Termination "Uživatel lockerbieQ zvítězil na čas"]

1. e4 e6 2. d4 d5 3. Nd2 dxe4 4. Nxe4 Nf6 5. Nxf6+ Qxf6 6. Nf3 Nc6 7. Be2 h6 8.
Be3 Bd6 9. O-O O-O 10. d5 exd5 11. Qxd5 Be6 12. Qd2 Rad8 13. Bd3 Ne5 14. Nxe5 Bxe5 15. Qb4 Bd5 16. Bc4 Bxc4 17. Qxc4 Qd6 18. h3 a6 19. c3 Bf6 20. Qg4 Qd7 21. Qg3 Qd6 22.
Qxd6 Rxd6 23. Bc5 Rfd8 24. Bxd6 Rxd6 25. Rad1 Rb6 26. Rd2 Bg5 27. Re2 Bf6 28. Rd1 c6 29. Rd3 c5 30. b3 Rc6 31. c4 b6 32. Re8+ Kh7 33. Ra8 a5 34. Rb8 Kg6 35. Rd7 Re6 36. Kf1 Bc3 37. g3 Re1+ 38. Kg2 Ra1 39. Rxb6+ Kh7 40.
Rxf7 Rxa2 41. Rf5 Bd4 42. Ra6 Ra3 43. Rb6 Bc3 44. Rxc5 Bb4 45. Rf5 Rxb3 46. Rf7 Rc3 47. Rbb7 Bc5 48. Rxg7+ 1-0

[Event "Betsys MČR v online bleskovém šachu 2021"]
[Site "Chess.com"]
[Date "2021.04.17"]
[Round "10"]
[White "Chessillusion213"]
[Black "clarissamcclellan"]
[Result "1-0"]
[WhiteElo "2146"]
[BlackElo "1828"]
[TimeControl "180+1"]
[EndTime "10:41:15 PDT"]
[Termination "Uživatel Chessillusion213 zvítězil na čas"]

1. d4 d5 2. c4 e6 3. Nf3 Nf6 4. g3 Bb4+ 5. Bd2 Bd6 6. Bg2 O-O 7. O-O c6 8. Nc3 Nbd7 9. Qc2 b6 10. e4 Be7 11. e5 Ne8 12. Rfd1 Bb7 13. Rac1 f5 14.
exf6 Nexf6 15. Re1 dxc4 16. Rxe6 Nd5 17. Nxd5 cxd5 18.
Rce1 Bf6 19. Bb4 Qc7 20. Bxf8 Rxf8 21. Qe2 b5 22. Re8 Qd6 23. Bh3 Rxe8 24. Qxe8+ Nf8 25.
Ne5 Qe7 26. Qxe7 Bxe7 27. Nd7 Kf7 28. Ne5+ Kg8 29. a4 b4 30. Bg2 Bf6 31. Rd1 Ne6 32. Nxc4 Nxd4 33. Ne3 Ne2+ 34. Kf1 Ba6 35. Bxd5+ Kf8 36.
Nc4 Nd4 37. Kg2 Nb3 38. Re1 Nc5 39. b3 Nxb3 40. Rb1 Nc5 41. Rxb4 Nd3 42. Rb8+ Ke7 43.
Ra8 Bd4 44. Rxa7+ Kf6 45. Rxa6+ 1-0

[Event "Betsys MČR v online bleskovém šachu 2021"]
[Site "Chess.com"]
[Date "2021.04.17"]
[Round "10"]
[White "Rognort"]
[Black "Klapuch05"]
[Result "1-0"]
[WhiteElo "1791"]
[BlackElo "1557"]
[TimeControl "180+1"]
[EndTime "10:41:15 PDT"]
[Termination "Uživatel Rognort zvítězil matem"]

1. e4 c5 2. Nf3 d6 3. d4 cxd4 4. Nxd4 Nf6 5. Nc3 g6 6. Be3 Bg7 7. Qd2 O-O 8. O-O-O Nc6 9. f3 a6 10. g4 Ne5 11. h4 h5 12. Be2 hxg4 13. fxg4 Bxg4 14.
Bxg4 Nexg4 15. Rdg1 Nxe3 16. Qxe3 Nh5 17. Nf3 e6 18.
Kb1 Qf6 19. Ng5 Rac8 20. Rf1 Qd4 21. Qxd4 Bxd4 22. Ne2 Bg7 23. c3 Rc5 24. Rf3 Bh6 25.
Rg1 Bxg5 26. hxg5 Kg7 27. Nd4 Re5 28. Rg4 Rh8 29. Rf1 d5 30. exd5 Rxd5 31. Kc2 Kg8 32. c4 Rc5 33. Kc3 Ng7 34. b4 Rh3+ 35. Nf3 Rf5 36. Kd4 Rfxf3 37. Rxf3 Rxf3 38. Kc5 Ra3 39. Kb6 Rxa2 40. Kxb7 Nf5 41. c5 Rb2 42. c6 Rxb4+ 43. Rxb4 Nd6+ 44. Kc7 Nb5+ 45. Rxb5 axb5 46. Kd7 b4 47. c7 b3 48. c8=Q+ Kg7 49. Qc3+ e5 50. Qxb3 e4 51. Qc3+ f6 52. Qxf6+ Kh7 53. Ke7 e3 54.
Kf7 e2 55. Qg7# 1-0

[Event "Betsys MČR v online bleskovém šachu 2021"]
[Site "Chess.com"]
[Date "2021.04.17"]
[Round "10"]
[White "Bancroft"]
[Black "Rubinus"]
[Result "1/2-1/2"]
[WhiteElo "1927"]
[BlackElo "2153"]
[TimeControl "180+1"]
[EndTime "10:41:16 PDT"]
[Termination "Remíza opakováním pozice"]

1. d4 d5 2. c4 Nc6 3. Nc3 e5 4. cxd5 Nxd4 5. e3 Nf5 6. Nf3 Bd6 7. Bb5+ Bd7 8. O-O Bxb5 9. Nxb5 a6 10. Nxd6+ cxd6 11. e4 Nfe7 12. Bg5 Qd7 13. Nh4 h6 14. Be3 Nf6 15.
Rc1 O-O 16. Qd3 Rac8 17. Rxc8 Rxc8 18. Rc1 Rxc1+ 19. Bxc1 Qc8 20. Be3 Ng4 21. h3 Nxe3 22. Qxe3 Qc7 23. Qb3 Qc1+ 24. Kh2 Qf4+ 25. g3 Qxf2+ 26.
Ng2 Qa7 27. Qb4 Qb8 28. Ne3 Qc7 29. Nc4 Nc8 30. a4 f6 31. a5 Kf7 32. h4 Ke8 33.
Qa4+ Qd7 34. Qb4 Qb5 35. Nxd6+ Nxd6 36. Qxd6 Qe2+ 37. Kh3 Qf1+ 38. Kg4 h5+ 39. Kxh5 Qe2+ 40.
g4 Qxe4 41. Qe6+ Kf8 42. g5 Qh7+ 43. Kg4 Qe4+ 44. Kh5 Qf3+ 45. Kg6 Qd3+ 46. Kh5 Qh7+ 47. Kg4 Qe4+ 48. Kh5 1/2-1/2

[Event "Betsys MČR v online bleskovém šachu 2021"]
[Site "Chess.com"]
[Date "2021.04.17"]
[Round "10"]
[White "MaTpAt113"]
[Black "Simaril76"]
[Result "1-0"]
[WhiteElo "871"]
[BlackElo "714"]
[TimeControl "180+1"]
[EndTime "10:41:16 PDT"]
[Termination "Uživatel MaTpAt113 zvítězil na čas"]

1. e4 c5 2. Nf3 Nc6 3. d4 g6 4. dxc5 Bg7 5. Bc4 Qa5+ 6. Nc3 Qxc5 7. Bd3 Nf6 8. O-O e6 9. Bg5 d5 10. exd5 exd5 11. Re1+ Ne7 12. Na4 Qc7 13. Bb5+ Bd7 14.
Bxd7+ Qxd7 15. Nc5 Qc6 16. Nd3 O-O 17. Rxe7 Rae8 18.
Bxf6 Bxf6 19. Rxe8 Rxe8 20. Qd2 Bxb2 21. Rb1 Bc3 22. Qe3 Bg7 23. Qc5 Qc8 24. Qxc8 Rxc8 25. Nde5 Rxc2 26. h3 b6 27. Nd3 Rxa2 28. Nb4 Ra5 29.
Nc6 Ra6 30. Nb4 Ra2 31. Nxd5 Ra5 32. Ne7+ Kf8 33. Nc6 Ra6 34. Nb4 Ra3 35. Nc2 Ra4 36. Rb4 Ra2 37. Nfd4 Bxd4 38. Nxd4 Rd2 39. Nc6 a5 40. Rxb6 a4 41. Ra6 Ra2 42. Nb4 Ra3 43. Nc2 Ra2 44. Nd4 a3 45. Nb5 Ke7 46. Rxa3 1-0

[Event "Betsys MČR v online bleskovém šachu 2021"]
[Site "Chess.com"]
[Date "2021.04.17"]
[Round "10"]
[White "vaclavbelaska"]
[Black "malviny"]
[Result "0-1"]
[WhiteElo "1377"]
[BlackElo "1182"]
[TimeControl "180+1"]
[EndTime "10:41:17 PDT"]
[Termination "Uživatel malviny zvítězil na čas"]

1. d4 d5 2. c4 e6 3. Nc3 c6 4. Nf3 Nf6 5. Bg5 Be7 6. e3 O-O 7. cxd5 Nxd5 8. Bxe7 Qxe7 9. Bd3 Nb4 10. a3 Nxd3+ 11. Qxd3 b5 12. O-O Nd7 13. Qe4 Bb7 14.
Qh4 Qxh4 15. Nxh4 c5 16. dxc5 Nxc5 17. Rfd1 a6 18. b4 Ne4 19. Nxe4 Bxe4 20. g3 Rac8 21. Rd4 Bd5 22. Rad1 f6 23. Ng2 Rfd8 24. Nf4 e5 25.
Rxd5 Rxd5 26. Nxd5 Kf7 27. Nb6 Rc6 28. Nd5 Rd6 29.
e4 Rd7 30. f3 Ke6 31. Kf2 f5 32. exf5+ Kxf5 33. Ne3+ Ke6 34. Rxd7 Kxd7 35. Ke2 Kd6 36. Kd3 Ke6 37. Ng4 h5 38. Ke4 hxg4 39. fxg4 g5 40.
h4 gxh4 41. gxh4 Kf6 42. h5 Ke6 43. g5 Kd6 44. h6 Ke7 45. g6 Kf6 46. h7 Kxg6 47.
h8=Q Kg5 48. Qxe5+ Kg4 49. Qd6 Kg5 50. Qd3 Kf6 51.
Qf3+ Ke6 0-1